 Dungeon Sprint DCSS version 0.28-a0-224-g76b539d98b (webtiles) character file.

Game seed: 10731924705527582553

1375 MikeHunt the Destroyer (level 8, -9/94 HPs)
             Began as a Demigod Conjurer on Aug 21, 2021.
             Mangled by an orc knight (13 damage)
             ... in the Dungeon (Sprint VII: "The Pits").
             The game lasted 00:08:02 (938 turns).

MikeHunt the Destroyer (Demigod Conjurer)            Turns: 938, Time: 00:08:03

Health: -9/94      AC:  4    Str: 12    XL:     8   Next: 16%
Magic:  10/22      EV: 13    Int: 24    God:
Gold:   0          SH:  0    Dex: 12    Spells: 7/21 levels left

rFire   . . .      SeeInvis .   k - +0 trident (vorpal)
rCold   . . .      Faith    .   (no shield)
rNeg    . . .      Spirit   .   a - +0 robe
rPois   .          Reflect  .   n - +0 helmet
rElec   .          Harm     .   o - +0 cloak
rCorr   .          Rampage  .   (no gloves)
Will    .....      NoTele   +   (no boots)
Stlth   ..........              (no amulet)
HPRegen 0.25/turn               (no ring)
MPRegen 0.18/turn               (no ring)

@: berserking (expiring), very quick
A: high mp 1, forlorn
a: no special abilities


You were in the Dungeon.
You visited 1 branch

Inventory:

Hand Weapons
 j - a +2 flail of holy wrath
 k - a +0 vorpal trident (weapon)
 q - the +2 dire flail of Ru's Anger {protect, rPois rN+++ Int-2 Stlth+}
   (You found it in the Dungeon)

   It grants its wielder temporary protection when it strikes (+7 to AC).
   Int:       It affects your intelligence (-2).
   rPois:     It protects you from poison.
   rN:        It renders you almost immune to negative energy.
   Stlth:     It makes you more stealthy.
Armour
 a - a +0 robe (worn)
 g - a +3 chain mail
 n - a +0 helmet (worn)
 o - a +0 cloak (worn)
Jewellery
 l - a +3 ring of evasion
 m - a +3 ring of evasion
Scrolls
 i - a scroll of summoning
Potions
 b - 9 potions of curing
 c - 7 potions of heal wounds
 d - 2 potions of haste
 e - 4 potions of magic
 f - 3 potions of berserk rage
 h - 2 potions of invisibility
 p - a potion of brilliance


   Skills:
 + Level 3.1 Fighting
 + Level 8.8 Polearms
 + Level 3.7 Dodging
 - Level 1.7 Stealth
 - Level 7.2 Spellcasting
 - Level 10.0 Conjurations
 - Level 5.7 Hexes
 - Level 4.0 Translocations


You had 7 spell levels left.
You knew the following spells:

 Your Spells              Type           Power      Damage    Failure   Level
a - Dazzling Flash        Conj/Hex       92%        N/A       1%          3
d - Iskenderun's Mystic   Conj/Tloc      42%        2d10      4%          4
e - Magic Dart            Conj           100%       1d8       1%          1
r - Searing Ray           Conj           100%       3d7       1%          2
t - Fulminant Prism       Conj/Hex       23%        3d13      2%          4

Your spell library contained the following spells:

 Spells                   Type           Power      Damage    Failure   Level


Dungeon Overview and Level Annotations

Branches:
Dungeon (1/1)


Innate Abilities, Weirdness & Mutations

Your attributes grow dramatically as you level up.
You have an increased reservoir of magic. (+10% MP)
You shall have no god before yourself.


Message History

The orc knight misses you.
You barely miss the orc knight.
The orc knight is moderately wounded.
The orc knight completely misses you.
You puncture the orc knight!
The orc knight is heavily wounded.
You hit the orc knight but do no damage.
The orc knight is heavily wounded.
The orc knight closely misses you.
You hit the orc knight.
The orc knight is heavily wounded.
You hit the orc knight but do no damage.
The orc knight is heavily wounded.
The orc knight closely misses you. The orc warrior completely misses you.
There is an open door here.
You puncture the orc knight!
The orc knight is severely wounded.
You hit the orc knight.
The orc knight is severely wounded.
The orc knight hits you with a +0 glaive!
The orc warrior closely misses you.
You barely miss the orc knight.
The orc knight is severely wounded.
You hit the orc knight but do no damage.
The orc knight is severely wounded.
The orc knight hits you with a +0 glaive!!
The orc warrior hits you with a +0 long sword!!
* * * LOW HITPOINT WARNING * * *
An orc comes into view. It is wielding a +0 dagger.
You hit the orc knight but do no damage.
The orc knight is severely wounded.
The orc knight hits you with a +0 glaive!
* * * LOW HITPOINT WARNING * * *
You puncture the orc knight!
The orc knight is almost dead.
The orc warrior misses you.
You closely miss the orc knight.
The orc knight is almost dead.
The orc knight hits you with a +0 glaive!
You die...

#.#........##.......##..#
#)###########.......#
#.o#.#.##..##########
#.......#.###########
##.#.#.##.#....#...[#
#.......#[#)...#..[.#
##.#.#.##.'....'..))#
#......o#'#)...#..).#
##.#.#.(@o#....#..))#
####################


You could see an orc knight, an orc warrior (strong) and an orc.

Vanquished Creatures
  A cyclops (D)
  A komodo dragon (D)
  Edmund (D)
  A floating eye (D)
  An ice beast (D)
  A black bear (D)
  2 centaurs (D)
  2 scorpions (D)
  A crimson imp (D)
  An orc priest (D)
  An orc wizard (D)
  An adder (D)
  A white imp (D)
  2 orcs (D)
  2 giant cockroaches (D)
  A hobgoblin (D)
  A quokka (D)
  A ball python skeleton (D)
  3 bats (D)
  A goblin (D)
  A rat (D)
27 creatures vanquished.

Vanquished Creatures (others)
  9 fulminant prisms (D)
9 creatures vanquished.

Grand Total: 36 creatures vanquished

Notes
Turn   | Place    | Note
-------+----------+-------------------------------------------
     0 | D        | MikeHunt the Demigod Conjurer began the quest for the Orb.
     0 | D        | Reached XP level 1. HP: 14/14 MP: 5/5
    50 | D        | Reached skill level 4 in Conjurations
    61 | D        | Noticed a scorpion
    71 | D        | Killed a scorpion
    72 | D        | Reached skill level 6 in Conjurations
    72 | D        | Reached XP level 2. HP: 10/20 MP: 3/10
    72 | D        | Reached XP level 3. HP: 13/26 MP: 3/12
   277 | D        | Learned a level 2 spell: Searing Ray
   288 | D        | Learned a level 3 spell: Dazzling Flash
   302 | D        | Noticed a scorpion
   308 | D        | Killed a scorpion
   309 | D        | Reached skill level 5 in Spellcasting
   309 | D        | Reached XP level 4. HP: 33/33 MP: 5/14
   350 | D        | Learned a level 4 spell: Fulminant Prism
   387 | D        | Noticed a black bear
   393 | D        | Noticed an ice beast
   394 | D        | Killed a black bear
   395 | D        | Reached skill level 7 in Conjurations
   395 | D        | Reached XP level 5. HP: 38/38 MP: 9/17
   399 | D        | Reached skill level 8 in Conjurations
   399 | D        | Killed an ice beast
   400 | D        | Reached skill level 5 in Hexes
   400 | D        | Reached XP level 6. HP: 45/45 MP: 3/19
   515 | D        | Learned a level 4 spell: Iskenderun's Mystic Blast
   517 | D        | Noticed a cyclops
   569 | D        | Killed a cyclops
   570 | D        | Reached skill level 5 in Polearms
   570 | D        | Reached skill level 10 in Conjurations
   570 | D        | Reached XP level 7. HP: 50/50 MP: 8/21
   686 | D        | Noticed Edmund
   692 | D        | Killed Edmund
   806 | D        | Got the +2 dire flail of Ru's Anger {protect, rPois rN+++
                  | Int-2 Stlth+}
   863 | D        | Noticed a komodo dragon
   867 | D        | Reached skill level 1 in Fighting
   874 | D        | Killed a komodo dragon
   875 | D        | Reached XP level 8. HP: 63/63 MP: 13/22
   880 | D        | Noticed an orc knight
   885 | D        | Noticed an anaconda
   936 | D        | HP: 4/94 [orc knight (13)]
   938 | D        | Mangled by an orc knight

Illustrated notes

Levels and vault maps discovered:
D:        pitsprint [storerooms_1, entrance_room_1, metal_vault_6, armoury_2,
          mini_pit_1, grid_room_1, main_hall_1, silver_pit, the_coven_2,
          the_vestibule_1, steel_vault_4, golden_pit, hallway_of_sentries,
          crystal_vault_1, iron_vault_4, final_vault]

Skill      XL: |  1  2  3  4  5  6  7 |
---------------+----------------------+-----
Spellcasting   | 4 5 6 7 |  7.2
Conjurations   | 6 7 8 10 | 10.0
Hexes          | 2 4 5 |  5.7
Polearms       | 5 8 |  8.8
Translocations | 4 |  4.0
Fighting       | 3 |  3.1
Dodging        | 3 |  3.7
Stealth        | |  1.7

Action                   |  1- 3 |  4- 6 |  7- 9 || total
-------------------------+-------+-------+-------++-------
Melee: Trident           |    11 |       |    16 ||    27
 Cast: Magic Dart        |    10 |     2 |       ||    12
       Searing Ray       |     1 |     2 |     5 ||     8
       Fulminant Prism   |       |     4 |     5 ||     9
       Dazzling Flash    |       |       |     2 ||     2
  Use: Potion            |     1 |       |     2 ||     3
       Scroll            |     1 |       |       ||     1
Armor: Robe              |     7 |     1 |     4 ||    12
Dodge: Dodged            |     7 |       |    15 ||    22

Table legend: (Time is in decaauts)
 A = Elapsed time spent in this place.
 B = Non-inter-level travel time spent in this place.
 C = Inter-level travel time spent in this place.
 D = Time resting spent in this place.
 E = Time spent auto-exploring this place.
 F = Levels seen in this place.
 G = Mean time per level.
                   A        B        C        D        E       F      G
               +--------+--------+--------+--------+--------+-----+--------+
         Total |    947 |    947 |      0 |    506 |      0 |   1 |  947.0 |
       Dungeon |    947 |    947 |      0 |    506 |      0 |   1 |  947.0 |
               +--------+--------+--------+--------+--------+-----+--------+

Top non-repeatable levels by time:
       D: 947 daAuts
